 Dungeon Crawl Stone Soup version 0.30-a0-374-g95c0257040 (webtiles) character file.

Game seed: 1441144652311974897

77848 Haldmier the Marksspriggan (level 15, -2/71 HPs)
             Began as a Spriggan Hexslinger on Nov 25, 2022.
             Was a High Priest of Hepliaklqana.
             Slain by a sun demon (18 damage)
             ... summoned by an orc high priest
             ... on level 2 of the Orcish Mines.
             The game lasted 02:29:53 (27375 turns).

Haldmier the Marksspriggan (Spriggan Hexslinger)   Turns: 27375, Time: 02:29:53

Health: -2/71      AC:  9    Str:  6    XL:     15   Next: 16%
Magic:  21/25      EV: 32    Int: 15    God:    Hepliaklqana [*****.]
Gold:   1394       SH:  0    Dex: 23    Spells: 10/18 levels left

rFire   . . .      SeeInvis +    q - +0 arbalest
rCold   + . .      Faith    .    (shield currently unavailable)
rNeg    . . .      Spirit   .    a - +0 robe {Will+}
rPois   .          Reflect  .    S - +2 hat {SInv}
rElec   .          Harm     .    G - +0 cloak
rCorr   .          Rampage  .    (gloves unavailable)
Will    +++..                    (boots unavailable)
Stlth   +++++.....               A - amulet of the acrobat
HPRegen 0.31/turn                k - ring of protection from cold
MPRegen 0.19/turn                K - +4 ring of protection

@: portalling projectiles, studying Invocations, very quick
A: reduced essence, very small, no large weapons, unfitting armour, see
invisible, speed 3
a: Renounce Religion, Recall Ancestor, Ancestor Identity, Transference, Idealise


You were on level 2 of the Orcish Mines.
You worshipped Hepliaklqana.
Hepliaklqana was extremely pleased with you.
You visited 4 branches of the dungeon, and saw 19 of its levels.
You also visited: Bailey and Ice Cave.

You collected 2194 gold pieces.
You spent 800 gold pieces at shops.

Inventory:

Hand Weapons
 b - a +0 dagger of venom
 q - a +0 arbalest (weapon)
Missiles
 O - 10 throwing nets
Armour
 a - a +0 robe of willpower (worn)
 c - a +2 robe of resistance
 G - a +0 cloak (worn)
 S - a +2 hat of see invisible (worn)
 X - +0 acid dragon scales
Jewellery
 k - a ring of protection from cold (left hand)
 A - an amulet of the acrobat (around neck)
 K - a +4 ring of protection (right hand)
 M - the ring "Emacyfon" {Ice Contam rN++ rCorr Int+2}
   (You found it on level 8 of the Dungeon)

   [ring of ice]

   It enhances your ice magic.
   Int:       It affects your intelligence (+2).
   rF:        It makes you vulnerable to fire.
   rC:        It protects you from cold.
   rN:        It greatly protects you from negative energy.
   Contam:    It causes magical contamination when unequipped.
   rCorr:     It protects you from acid and corrosion.
 T - the ring of Zaedi {rN+ Int+3}
   (You found it in an ice cave)

   [ring of positive energy]

   Int:       It affects your intelligence (+3).
   rN:        It protects you from negative energy.
 Y - the amulet "Korarav" {Regen+ Dex+3}
   (You found it on level 3 of the Lair of Beasts)

   [amulet of regeneration]

   Dex:       It affects your dexterity (+3).
   Regen:     It increases your rate of health regeneration.
 Z - a ring of flight
Wands
 F - a wand of acid (2)
 P - a wand of roots (12)
 V - a wand of mindburst (8)
Scrolls
 e - 2 scrolls of summoning {unknown}
 f - 8 scrolls of teleportation
 j - 2 scrolls of noise {unknown}
 n - 2 scrolls of acquirement {unknown}
 r - 6 scrolls of poison
 s - 2 scrolls of vulnerability {unknown}
 u - a scroll of enchant armour {unknown}
 x - 5 scrolls of magic mapping
 y - 3 scrolls of amnesia {unknown}
 B - 2 scrolls of fear {unknown}
 D - a scroll of brand weapon {unknown}
 E - 3 scrolls of fog {unknown}
 R - a scroll of silence {unknown}
 W - 2 scrolls of immolation {unknown}
Potions
 d - 4 potions of curing
 g - 3 potions of flight
 h - 2 potions of heal wounds
 l - 4 potions of brilliance
 o - 2 potions of invisibility
 p - 7 potions of attraction
 t - 4 potions of lignification
 v - a potion of resistance
 w - a potion of might
 C - 4 potions of magic
 H - a potion of cancellation
 J - 2 potions of haste
 N - a potion of berserk rage {unknown}
 Q - 2 potions of mutation
 U - 4 potions of ambrosia {unknown}


   Skills:
 + Level 9.1 Fighting
 + Level 18.0 Ranged Weapons
 + Level 15.0 Dodging
 - Level 10.0 Stealth
 - Level 2.0 Spellcasting
 - Level 9.0 Hexes
 - Level 6.5 Translocations
 + Level 12.4 Invocations


You had 10 spell levels left.
You knew the following spells:

 Your Spells              Type           Power      Damage    Failure   Level
a - Slow                  Hex            100%       N/A       1%          1
b - Portal Projectile     Hex/Tloc       48%        N/A       2%          3
c - Cause Fear            Hex            14%        N/A       5%          4

Your spell library contained the following spells:

 Spells                   Type           Power      Damage    Failure   Level
 Apportation              Tloc           42%        N/A       1%          1
 Gell's Gravitas          Tloc           21%        N/A       4%          3
 Teleport Other           Tloc           21%        N/A       4%          3
 Ensorcelled Hibernation  Hex/Ice        30%        N/A       5%          2
 Inner Flame              Hex/Fire       15%        N/A       11%         3
 Summon Guardian Golem    Hex/Summ       15%        N/A       11%         3
 Anguish                  Hex/Necr       7%         N/A       34%         4
 Hailstorm                Conj/Ice       1%         3d3       54%         3
 Spider Form              Tmut/Pois      1%         N/A       54%         3
 Airstrike                Air            0%         2d(1-17)  91%         4
 Ice Form                 Ice/Tmut       1%         N/A       91%         4
 Summon Lightning Spire   Summ/Air       1%         N/A       91%         4
 Dispersal                Tloc           10%        N/A       93%         6
 Alistair's Intoxication  Tmut/Pois      0%         N/A       99%         5
 Lightning Bolt           Conj/Air       0%         1d11      99%         5
 Simulacrum               Ice/Necr       0%         N/A       100%        6
 Orb of Destruction       Conj           0%         9d5       100%        7
 Spellforged Servitor     Conj/Summ      0%         N/A       100%        7


Dungeon Overview and Level Annotations

Branches:
Dungeon (11/15)            Temple (1/1) D:7            Lair (5/5) D:11
 Shoals (0/4) Lair:2       Spider (0/4) Lair:2        Slime (0/5) Lair:5
    Orc (2/2) D:9             Elf (0/3) Orc:2        Bailey (visited)
  IceCv (visited)

Altars:
Ashenzari
Cheibriados
Dithmenos
Elyvilon
Fedhas
Gozag
Hepliaklqana
Kikubaaqudgha
Makhleb
Nemelex Xobeh
Okawaru
Qazlal
Ru
Sif Muna
Trog
Uskayaw
Vehumet
Wu Jian
Xom
Yredelemnul
Zin
The Shining One

Shops:
D:6 :   Orc:2 *(


Innate Abilities, Weirdness & Mutations

Your life essence is reduced to manifest your ancestor. (-10% HP)
You are very small and have problems with some larger weapons.
You are too small for most types of armour.
You have supernaturally acute eyesight. (SInv)
You cover ground extremely quickly. (Speed+++)


Message History

The orc high priest prays to Beogh.
Citlalmina hits the orc high priest with a +0 broad axe of flaming!
Citlalmina burns the orc high priest.
Citlalmina barely misses the sun demon.
Citlalmina barely misses the sixfirhy.
The sixfirhy hits Citlalmina but does no damage.
Fire: q) +0 arbalest
Press: ? - help, Q - select action, (/) - cycle Shift-Dir - straight line, f/p - orc high priest
Aim: an orc high priest, wielding a +0 hand axe and wearing a +0 leather armour (heavily wounded, 66% to hit)
You shoot a bolt. The bolt hits the sun demon!
The sun demon is moderately wounded.
The sixfirhy hits Citlalmina!
The sixfirhy shocks Citlalmina!
The sixfirhy hits Citlalmina but does no damage.
Citlalmina blocks the sixfirhy's attack.
The orc high priest hits Citlalmina but does no damage.
Citlalmina hits the sixfirhy with a +0 broad axe of flaming!
Citlalmina burns the sixfirhy.
Citlalmina barely misses the orc high priest.
Casting: Portal Projectile (mildly dangerous; 2% risk of failure)
Confirm with . or Enter, or press ? or * to list all spells.
You begin teleporting projectiles to their destination.
The sun demon hits you!
You are engulfed in flames!
Citlalmina blocks the orc high priest's attack.
Citlalmina misses the sixfirhy.
Citlalmina hits the orc high priest with a +0 broad axe of flaming.
Citlalmina burns the orc high priest.
The sun demon completely misses you. The hellwing completely misses you.
The hellwing hits you but does no damage.
Fire: q) +0 arbalest
Press: ? - help, Q - select action, (/) - cycle Shift-Dir - straight line, f/p - orc high priest
Aim: an orc high priest, wielding a +0 hand axe and wearing a +0 leather armour (heavily wounded, 69% to hit)
You magically shoot a bolt.
The bolt hits the orc high priest!
The orc high priest is severely wounded.
A nearby fungus withers and dies.
The orc high priest calls down the wrath of Beogh upon you.
Beogh smites you!
Citlalmina misses the sixfirhy.
Citlalmina hits the orc high priest with a +0 broad axe of flaming.
Citlalmina burns the orc high priest.
The sun demon hits you!
* * * LOW HITPOINT WARNING * * *
You are engulfed in flames!!
You die...

P...P.P...[...[......##....#
..........................#**
...∩.......÷..............#.**
....P..............)<.......,*
....8.........[......)......**
.P................#.#.......*
.................###...#....*
..................##..#.....*
#..............#@........#.#*
..............#)34.......#*#
....<.........##[........#***
..........#...##R....##.***,**
..........#....3o..)...,,,,,,*
.$.#..#.$..#...)..P.....,,,,**
...........##P........P.*,***
.#.[.#.....##.)).....P..***
...$........#....o∩,,,,,*


You could see the friendly Citlalmina the knight, an orc high priest, a sun
demon (summoned), a hellwing (summoned) and a sixfirhy (summoned, ally target).

Vanquished Creatures
  An ettin (Orc:2)
  3 hydras
  3 catoblepae (Lair:5)
  2 two-headed ogres
  2 boulder beetles
  7 death yaks
  An orc high priest (Orc:2)
  Urug (Lair:5)
  A necromancer (IceCv)
  A lindwurm (Lair:2)
  4 oklob plants (Lair:5)
  An ugly thing (IceCv)
  4 orc sorcerers
  A cyclops (D:11)
  2 manticores (Lair:5)
  3 black mambas
  A merfolk siren (Lair:2)
  15 elephants
  A gargoyle (D:10)
  13 cane toads
  A torpor snail (Lair:5)
  Psyche (D:8)
  2 anaconda simulacra (IceCv)
  6 komodo dragons
  A freezing wraith (IceCv)
  5 trolls
  10 ice devils (IceCv)
  4 dream sheep (Lair:5)
  14 blink frogs
  2 shadows (D:9)
  A wyvern (Lair:2)
  55 yaks
  5 basilisks
  2 death yak simulacra (IceCv)
  3 wargs
  2 steam dragons
  A harpy simulacrum (IceCv)
  The ghost of MCDelver the Firebug, an amateur OpFE (D:4)
  A hydra simulacrum (IceCv)
  An acid dragon (D:11)
  A two-headed ogre zombie (D:9)
  15 water moccasins
  2 ice beasts
  8 orc warriors
  4 sky beasts
  2 black bears (D:11)
  14 wolves
  3 centaurs
  2 ogres
  2 phantoms (D:9)
  4 kobold brigands
  5 gnoll sergeants
  8 bullfrogs
  2 necrophages (D:5)
  4 scorpions
  A cane toad simulacrum (IceCv)
  3 elephant simulacra (IceCv)
  A troll zombie (D:9)
  4 killer bees
  A howler monkey (D:6)
  7 crimson imps (D:8)
  Crazy Yiuf (D:4)
  5 hounds
  2 jellies
  6 gnoll boudas
  4 orc priests
  An iguana (D:5)
  Ijyb (D:4)
  7 orc wizards
  4 polar bear simulacra (IceCv)
  A troll simulacrum (IceCv)
  4 wolf simulacra (IceCv)
  6 ogre zombies (D:9)
  9 adders
  24 gnolls
  A shadow imp (D:7)
  A white imp (D:8)
  2 ufetubi
  A dart slug (D:4)
  29 orcs
  4 endoplasms
  3 giant cockroaches
  A goblin (D:3)
  6 hobgoblins
  4 jackals
  21 kobolds
  2 quokkas (D:3)
  4 ball pythons
  3 bats
  3 frilled lizards (D:1)
  3 goblin skeletons (D:9)
  A goblin zombie (D:9)
  3 hobgoblin zombies (D:9)
  3 orc skeletons (D:9)
  15 orc zombies (D:9)
  5 rats
468 creatures vanquished.

Vanquished Creatures (collateral kills)
  Gastronok (Lair:3)
  The ghost of Uhykki the Thaumaturge, a journeyman DjFE of Makhleb (Lair:1)
  3 hydras
  2 two-headed ogres (D:10)
  A catoblepas (Lair:5)
  2 death yaks
  A lindwurm (Lair:1)
  2 black mambas
  2 merfolk sirens (Lair:2)
  9 elephants
  An ice statue (IceCv)
  2 cane toads
  A torpor snail (Lair:3)
  2 freezing wraiths (IceCv)
  2 anaconda simulacra (IceCv)
  3 ice devils (IceCv)
  A merfolk (Lair:2)
  A troll (D:10)
  The ghost of lukessrichardson1 the Trooper, an amateur DgWn (D:5)
  6 blink frogs
  A jumping spider (Lair:2)
  21 yaks
  A basilisk (Lair:4)
  Grum (Bailey)
  A death yak simulacrum (IceCv)
  A warg (Orc:1)
  5 water moccasins
  6 orc warriors
  A black bear (Lair:1)
  An ice beast (D:8)
  An ogre (Orc:1)
  3 wolves
  A bullfrog (Lair:2)
  4 gnoll sergeants (Bailey)
  A cane toad simulacrum (IceCv)
  7 killer bees
  A crimson imp (D:8)
  6 orc wizards
  5 gnoll boudas
  A polar bear simulacrum (IceCv)
  2 spriggan simulacra (IceCv)
  3 wolf simulacra (IceCv)
  12 gnolls
  2 naga simulacra (IceCv)
  A shadow imp (D:5)
  8 orcs
141 creatures vanquished.

Vanquished Creatures (others)
  10 knights
  2 ancestors
  69 fungi
  74 plants
  6 withered plants (D:3)
161 creatures vanquished.

Grand Total: 770 creatures vanquished

Notes
Turn   | Place    | Note
-------+----------+-------------------------------------------
     0 | D:1      | Haldmier the Spriggan Hexslinger began the quest for the
                  | Orb.
     0 | D:1      | Reached XP level 1. HP: 9/9 MP: 3/3
   327 | D:1      | Reached XP level 2. HP: 14/14 MP: 5/5
   751 | D:1      | Reached skill level 1 in Fighting
  1097 | D:2      | Reached skill level 1 in Stealth
  1242 | D:2      | Reached XP level 3. HP: 15/18 MP: 6/6
  1257 | D:2      | Learned a level 3 spell: Portal Projectile
  1967 | D:3      | Reached skill level 3 in Ranged Weapons
  1967 | D:3      | Reached XP level 4. HP: 22/22 MP: 7/7
  1991 | D:2      | Reached skill level 1 in Translocations
  2405 | D:3      | Reached XP level 5. HP: 25/25 MP: 8/8
  2865 | D:3      | Found an ancient bone altar of Kikubaaqudgha.
  3089 | D:4      | Noticed Ijyb
  3094 | D:4      | Killed Ijyb
  3281 | D:3      | Reached XP level 6. HP: 23/30 MP: 6/9
  3478 | D:4      | Reached skill level 4 in Ranged Weapons
  3564 | D:4      | Found a runed translucent door.
  3565 | D:4      | Noticed Crazy Yiuf
  3583 | D:4      | Found a runed translucent gate.
  3584 | D:4      | Found a runed translucent gate.
  3585 | D:4      | Found a runed translucent gate.
  3586 | D:4      | Noticed MCDelver's ghost (amateur OpFE)
  3822 | D:5      | Entered Level 5 of the Dungeon
  3996 | D:5      | Found a transporter.
  3996 | D:5      | Noticed lukessrichardson1's ghost (amateur DgWn)
  4152 | D:5      | Found a hazy altar of Hepliaklqana.
  4158 | D:5      | Became a worshipper of Hepliaklqana the Forgotten
  4164 | D:5      | Found a glowing silver altar of Zin.
  4164 | D:5      | Noticed an angel
  4270 | D:5      | Found a transporter.
  4382 | D:5      | Noticed an ice beast
  4443 | D:5      | Reached skill level 5 in Hexes
  4712 | D:5      | Reached XP level 7. HP: 35/35 MP: 8/10
  5088 | D:6      | Found Putuavvu's Vocational Training.
  5782 | D:4      | Killed Crazy Yiuf
  5783 | D:4      | Reached skill level 5 in Ranged Weapons
  5783 | D:4      | Reached skill level 5 in Dodging
  5783 | D:4      | Reached skill level 5 in Stealth
  6048 | D:4      | Killed MCDelver's ghost
  6049 | D:4      | Reached XP level 8. HP: 39/39 MP: 9/12
  6197 | D:7      | Found a staircase to the Ecumenical Temple.
  6300 | D:6      | Reached skill level 5 in Translocations
  6432 | Temple   | Entered the Ecumenical Temple
  6785 | D:7      | Found an iron altar of Okawaru.
  7248 | D:6      | Learned a level 4 spell: Cause Fear
  7432 | D:7      | Reached skill level 6 in Ranged Weapons
  7525 | D:7      | Reached * piety under Hepliaklqana
  8086 | D:8      | Reached XP level 9. HP: 39/39 MP: 11/13
  8107 | D:8      | Identified the ring "Emacyfon" {Ice Contam rN++ rCorr
                  | Int+2}
  8180 | D:8      | Noticed Psyche
  8377 | D:8      | Killed Psyche
  8423 | D:8      | Reached skill level 7 in Ranged Weapons
  8592 | D:8      | Reached skill level 8 in Ranged Weapons
  8763 | D:8      | Reached ** piety under Hepliaklqana
  8764 | D:8      | Remembered your ancestor Citlalmina as a knight
  9088 | D:9      | Found a flagged portal.
  9095 | D:9      | Reached XP level 10. HP: 44/44 MP: 11/14
  9105 | D:9      | Identified the +8 spear "Impslayer" {vorpal, Fly rPois
                  | Will- Stlth+}
  9108 | Bailey   | Entered a bailey
  9118 | Bailey   | Reached skill level 9 in Ranged Weapons
  9380 | Bailey   | Noticed Grum
  9476 | Bailey   | Killed Grum
  9502 | Bailey   | Reached skill level 10 in Ranged Weapons
  9930 | D:9      | Found a staircase to the Orcish Mines.
 10024 | D:9      | Reached skill level 11 in Ranged Weapons
 10328 | D:9      | Found a shadowy altar of Dithmenos.
 10782 | Orc:1    | Entered Level 1 of the Orcish Mines
 10836 | Orc:1    | Noticed an orc sorcerer
 10849 | Orc:1    | Killed an orc sorcerer
 10850 | Orc:1    | Reached skill level 12 in Ranged Weapons
 11021 | Orc:2    | Entered Level 2 of the Orcish Mines
 11021 | Orc:2    | Noticed an orc high priest
 11021 | Orc:2    | Noticed a two-headed ogre
 11021 | Orc:2    | Found Momusu's Antique Weapon Emporium.
 11022 | Orc:2    | Noticed an orc sorcerer
 11023 | Orc:2    | Noticed a smoke demon
 11027 | Orc:1    | Killed a two-headed ogre
 11028 | Orc:1    | Reached XP level 11. HP: 46/46 MP: 15/15
 11253 | Orc:2    | Noticed a sun demon
 11256 | Orc:2    | Killed an orc high priest
 11263 | Orc:1    | Killed an orc sorcerer
 11264 | Orc:1    | Reached skill level 13 in Ranged Weapons
 11313 | Orc:2    | Reached *** piety under Hepliaklqana
 11313 | Orc:2    | Found Seuffo Fae's General Store.
 11313 | Orc:2    | Noticed an orc knight
 11321 | Orc:2    | Found a frozen archway.
 11325 | Orc:2    | Noticed an ettin
 11330 | IceCv    | Entered an ice cave
 11698 | IceCv    | Reached skill level 14 in Ranged Weapons
 11821 | IceCv    | Found an ancient bone altar of Kikubaaqudgha.
 12754 | IceCv    | Noticed a white ugly thing
 12758 | IceCv    | Noticed a necromancer
 12933 | IceCv    | Killed a white ugly thing
 13108 | IceCv    | Reached XP level 12. HP: 36/52 MP: 16/16
 13297 | IceCv    | Identified the +0 pair of gloves of a sewer {+Blink Int+9}
 13304 | IceCv    | Identified the ring of Zaedi {rN+ Int+3}
 13537 | Orc:2    | Killed an ettin
 13538 | Orc:2    | Reached skill level 15 in Ranged Weapons
 13974 | D:10     | Entered Level 10 of the Dungeon
 14014 | D:10     | Noticed a two-headed ogre
 14025 | D:10     | Killed a two-headed ogre
 14256 | D:10     | Reached skill level 5 in Fighting
 14459 | D:10     | Reached skill level 10 in Dodging
 14671 | D:10     | Noticed a two-headed ogre
 14702 | D:10     | Found a shimmering blue altar of Sif Muna.
 14797 | D:10     | Killed a two-headed ogre
 14868 | D:10     | Reached **** piety under Hepliaklqana
 14990 | D:6      | Bought a manual of Invocations for 800 gold pieces
 15492 | D:5      | Killed lukessrichardson1's ghost
 15493 | D:5      | Reached skill level 1 in Invocations
 15714 | D:11     | Reached skill level 10 in Stealth
 16077 | D:11     | Found a shadowy altar of Dithmenos.
 16118 | D:11     | Noticed a two-headed ogre
 16122 | D:11     | Killed a two-headed ogre
 16172 | D:11     | Found a staircase to the Lair.
 17261 | Lair:1   | Entered Level 1 of the Lair of Beasts
 17670 | Lair:1   | Reached skill level 16 in Ranged Weapons
 17728 | Lair:1   | Identified the +6 chain mail of Relativism {Rampage rC-
                  | Regen+ Int+4}
 17798 | Lair:1   | Reached XP level 13. HP: 58/58 MP: 17/17
 18048 | Lair:1   | Reached skill level 5 in Invocations
 18142 | Lair:1   | Found a transporter.
 18144 | Lair:1   | Noticed Uhykki's ghost (journeyman DjFE)
 18146 | Lair:1   | Found a transporter.
 19250 | Lair:2   | Found a staircase to the Shoals.
 19352 | Lair:2   | Reached ***** piety under Hepliaklqana
 19426 | Lair:2   | Found a hole to the Spider Nest.
 19973 | Lair:3   | Reached skill level 17 in Ranged Weapons
 20433 | Lair:3   | Noticed Gastronok
 20452 | Lair:3   | Killed Gastronok
 20551 | Lair:3   | Identified the amulet "Korarav" {Regen+ Dex+3}
 21320 | Lair:4   | Reached XP level 14. HP: 64/64 MP: 21/21
 22283 | Lair:5   | Entered Level 5 of the Lair of Beasts
 22331 | Lair:5   | Noticed Urug
 24054 | Lair:5   | Reached skill level 18 in Ranged Weapons
 24282 | Lair:4   | Reached skill level 10 in Invocations
 25162 | Lair:5   | Killed Urug
 25772 | Lair:5   | Reached XP level 15. HP: 70/70 MP: 21/24
 25911 | Lair:5   | Identified the +5 dagger "Coukhlaap" {vorpal, Dex+4}
 26288 | Lair:5   | Found a staircase to the Slime Pits.
 26762 | Lair:1   | Killed Uhykki's ghost
 27268 | Orc:2    | Reached skill level 15 in Dodging
 27375 | Orc:2    | Slain by a sun demon

Illustrated notes

Levels and vault maps discovered:
D:1:      tarquinn_simple_flora_water_d, layout_loops_ring
D:2:      layout_basic, st_stairs_9
D:3:      layout_basic, kiku_gazebo_garden_becter, st_stairs_7
D:4:      layout_basic, gammafunk_ghost_nasty_kobolds, grunt_decor_resistance,
          uniq_ijyb, uniq_crazy_yiuf_cottage
D:5:      layout_cave_pools, kennysheep_mini_moat, zin_angel,
          gammafunk_ghost_arena
D:6:      layout_rooms, nicolae_shop_vocational
D:7:      layout_layer_cave, temple_doors_e, minmay_ruined_shrine
D:8:      layout_basic, minmay_nine_imps, uniq_psyche
D:9:      layout_loops_ring, mainiacjoe_overflow_concentric_impassable,
          zombieorc2_lemuel, enter_bailey_2
D:10:     layout_stronghold, nicolae_sif_muna_little_library, kennysheep_potato
D:11:     layout_layer_cave, due_lair_maze_entry_diamond, grunt_dithmenos_smoke
Temple:   bh_familiar_temple
Lair:1:   layout_gridlike, gammafunk_ghost_arena, grunt_megastairs_2
Lair:2:   layout_chaotic_city, elwin_shoals_entry_stream, spider_nest_entry_a
Lair:3:   layout_regular_city, nicolae_quartered_pool_little, uniq_gastronok
Lair:4:   beast_lair_carwin_large_2, layout_regular_city, serial_bayou_shore_a
Lair:5:   evilmike_catoblepas_cave, layout_misc_corridors,
          minmay_slime_entry_oklob_enclosed, grunt_megastairs_4,
          lemuel_fruit_tree, uniq_urug
Orc:1:    layout_caves
Orc:2:    grunt_orc_gardens, layout_caves, grunt_orc_garden, grunt_orc_garden,
          grunt_orc_garden, grunt_orc_garden, portal_ice_cave_entry_pillars_1

Skill      XL: |  1  2  3  4  5  6  7  8  9 10 11 12 13 14 15 |
---------------+----------------------------------------------+-----
Dodging        | 3 4 5 6 8 9 10 12 14 15 | 15.0
Fighting       | 1 2 3 4 5 7 8 9 |  9.1
Stealth        | 1 2 3 4 5 6 8 10 | 10.0
Hexes          | 4 5 7 8 9 |  9.0
Ranged Weapons | 3 4 5 6 8 12 14 16 17 18 | 18.0
Translocations | 1 2 4 6 |  6.5
Spellcasting   | 2 |  2.0
Invocations    | 4 8 11 12 | 12.4

Action                   |  1- 3 |  4- 6 |  7- 9 | 10-12 | 13-15 || total
-------------------------+-------+-------+-------+-------+-------++-------
 Fire: Sling             |    98 |   270 |   158 |       |       ||   526
       Arbalest          |       |       |   202 |   745 |   941 ||  1888
 Cast: Slow              |     4 |    53 |    96 |    21 |     1 ||   175
       Portal Projectile |       |       |     1 |    19 |    47 ||    67
       Cause Fear        |       |       |       |     3 |     3 ||     6
Invok: Recall Ancestor   |       |       |     2 |    10 |    13 ||    25
       Ancestor Life: Kn |       |       |     1 |       |       ||     1
       Transference      |       |       |       |       |     6 ||     6
  Use: Scroll            |       |     3 |     4 |     9 |     5 ||    21
       Potion            |       |       |       |     2 |       ||     2
Armor: Robe              |     3 |     6 |     8 |    24 |    29 ||    70
Dodge: Dodged            |    43 |   112 |    75 |   236 |   299 ||   765

Table legend: (Time is in decaauts)
 A = Elapsed time spent in this place.
 B = Non-inter-level travel time spent in this place.
 C = Inter-level travel time spent in this place.
 D = Time resting spent in this place.
 E = Time spent auto-exploring this place.
 F = Levels seen in this place.
 G = Mean time per level.
                   A        B        C        D        E       F      G
               +--------+--------+--------+--------+--------+-----+--------+
         Total |  21553 |  20398 |   1155 |   7377 |   5030 |  21 | 1026.3 |
       Dungeon |  10090 |   9274 |    816 |   2271 |   3330 |  11 |  917.3 |
        Temple |    118 |    107 |     11 |      0 |    102 |   1 |  118.0 |
          Lair |   7876 |   7569 |    307 |   3434 |   1460 |   5 | 1575.2 |
  Orcish Mines |   1155 |   1136 |     19 |    636 |     43 |   2 |  577.5 |
        Bailey |    429 |    429 |      0 |     99 |     17 |   1 |  429.0 |
      Ice Cave |   1882 |   1882 |      0 |    935 |     75 |   1 | 1882.0 |
               +--------+--------+--------+--------+--------+-----+--------+

Top non-repeatable levels by time:
  Lair:5: 2331 daAuts
  Lair:4: 2207 daAuts
   IceCv: 1882 daAuts
  Lair:1: 1220 daAuts
  Lair:2: 1196 daAuts
     D:4: 1115 daAuts
    D:11: 1100 daAuts
     D:7: 1047 daAuts
     D:6: 1026 daAuts
     D:9: 1007 daAuts
     D:3: 925 daAuts
    D:10: 921 daAuts
  Lair:3: 920 daAuts
     D:5: 911 daAuts
   Orc:1: 875 daAuts
